 Dungeon Crawl Stone Soup version 0.31-a0-986-g5e6e4ef867 (webtiles) character file.

Game seed: 18311933373352609664

149 Fodor the Trooper (level 5, -3/47 HPs)
             Began as a Minotaur Fighter on Nov 23, 2023.
             Slain by Menkaure (13 damage)
             ... on level 5 of the Dungeon.
             The game lasted 00:18:32 (4354 turns).

Fodor the Trooper (Minotaur Fighter)                Turns: 4354, Time: 00:18:32

Health: -3/47      AC:  8    Str: 22    XL:     5   Next: 9%
Magic:  4/4        EV:  9    Int:  5    God:
Gold:   253        SH:  4    Dex: 10    Spells: 4/4 levels left

rFire   . . .        a - +0 war axe
rCold   . . .        c - +0 buckler
rNeg    . . .        b - +0 scale mail
rPois   .            (helmet restricted)
rElec   .            k - scarf {+Inv}
rCorr   .            (no gloves)
SInv    .            v - +0 pair of boots
Will    .....        i - amulet of regeneration Stlth
                     (no ring)
HPRegen 1.07/turn    (no ring)
MPRegen 0.09/turn

%: no passive effects
@: attractive
A: horns 2, retaliatory headbutt
a: Evoke Invisibility


You were on level 5 of the Dungeon.
You visited 1 branch of the dungeon, and saw 5 of its levels.

You collected 253 gold pieces.

Inventory:

Hand Weapons
 a - a +0 war axe (weapon)
Missiles
 h - 9 boomerangs (quivered)
Armour
 b - a +0 scale mail (worn)
 c - a +0 buckler (worn)
 k - a scarf of invisibility (worn)
 v - a +0 pair of boots (worn)
Jewellery
 f - an amulet of reflection
 i - an amulet of regeneration (around neck)
Scrolls
 g - 2 scrolls of teleportation
 n - 2 scrolls of blinking
 o - 3 scrolls of silence
 q - 2 scrolls of amnesia
 r - a scroll of noise {unknown}
 s - 2 scrolls of fog
 t - 2 scrolls of revelation {unknown}
Potions
 d - a potion of might
 e - a potion of attraction
 j - 2 potions of enlightenment {unknown}
 l - a potion of heal wounds {unknown}
 m - a potion of curing {unknown}
 p - a potion of ambrosia {unknown}
 u - a potion of mutation {unknown}


   Skills:
 + Level 4.6 Fighting
 + Level 4.0 Axes
 + Level 4.6 Armour
 + Level 0.3 Dodging
 + Level 0.2 Stealth
 + Level 4.4 Shields


You had 4 spell levels left.
You didn't know any spells.
Your spell library contained the following spells:

 Spells                   Type           Power      Damage    Failure   Level
 Sandblast                Erth           0%         2d4       86%         1
 Passwall                 Tmut/Erth      0%         N/A       94%         2
 Stone Arrow              Conj/Erth      0%         3d7       99%         3
 Brom's Barrelling Bould  Conj/Erth      0%         2d3       100%        4


Dungeon Overview and Level Annotations

Branches:
Dungeon (5/15)
 Temple: D:4-7

Altars:
Yredelemnul

Annotations:
D:5 Menkaure


Innate Abilities, Weirdness & Mutations

You have a pair of horns on your head.
You reflexively headbutt those who attack you in melee.


Message History

Things that are here:
a +0 mace; an orc corpse
Found 6 gold pieces.
Things that are here:
a +0 mace; an orc corpse You now have 247 gold pieces (gained 16).
Things that are here:
a +0 mace; an orc corpse
Found a stone staircase leading down.
You now have 253 gold pieces (gained 6).
Found 3 stones.
Found a long sword.
Found a pair of boots.
Found a scroll of amnesia.
You see here a +0 pair of boots.
q - 2 scrolls of amnesia (gained 1) Menkaure, Prince of Dust comes into view.
Menkaure shouts!
Menkaure breathes soot at you.
Menkaure mumbles, "It doesn't hurt if you pull your brain out of your nose yourself."
Menkaure hits you!
You hit Menkaure.
Menkaure is lightly damaged.
Menkaure hits you!
You barely miss Menkaure.
Menkaure is lightly damaged.
Menkaure hits you!!
* * * LOW HITPOINT WARNING * * *
You hit Menkaure.
Menkaure is moderately damaged.
Menkaure barely misses you. You furiously retaliate!
You headbutt Menkaure! You barely miss Menkaure.
Menkaure is severely damaged.
Menkaure calls on the powers of darkness!
Your body is wracked with pain!
* * * LOW HITPOINT WARNING * * *
It was a potion of attraction.
You feel attractive to monsters. Menkaure hits you!
You die...

#...#.#......#
#.##.#....
#####)#####..#
####.#....
#.......[#
#.#....
#######.##
#.#.##. #.#
#<#.##. #.##
###.##. #..#
#.##. ##.#
#.##. #@#
#.##. #....M#
#......
#........
#....##...
#.... ....
#.... .....
##### #####.


You could see Menkaure.

Vanquished Creatures
  A sleepcap (D:4)
  5 adders
  A shadow imp (D:5)
  2 worms
  A dart slug (D:2)
  3 orcs
  6 ball pythons
  4 endoplasms
  3 giant cockroaches
  6 goblins
  7 hobgoblins
  6 jackals
  3 kobolds
  A quokka (D:4)
  4 bats
  3 frilled lizards
  2 rats (D:3)
58 creatures vanquished.

Notes
Turn   | Place    | Note
-------+----------+-------------------------------------------
     0 | D:1      | Fodor the Minotaur Fighter began the quest for the Orb.
     0 | D:1      | Reached XP level 1. HP: 19/19 MP: 0/0
    76 | D:1      | Reached XP level 2. HP: 22/27 MP: 1/1
   946 | D:1      | Found a faded altar of an unknown god.
  1140 | D:2      | Reached XP level 3. HP: 33/33 MP: 2/2
  1546 | D:2      | Identified the +3 robe of Vlad {Str+4 Dex+3}
  2142 | D:3      | Found a basalt altar of Yredelemnul.
  2340 | D:3      | Reached XP level 4. HP: 41/41 MP: 3/3
  3752 | D:4      | Reached XP level 5. HP: 47/47 MP: 4/4
  4200 | D:5      | Entered Level 5 of the Dungeon
  4345 | D:5      | Noticed Menkaure
  4354 | D:5      | Slain by Menkaure

Illustrated notes

Levels and vault maps discovered:
D:1:      mainiacjoe_arrival_reflecting_pool, layout_basic,
          shapermc_ecumenical_altar_hornbeckon
D:2:      kennysheep_big_flooded_room, layout_basic
D:3:      layout_basic, mainiacjoe_overflow_small_starburst, roderic_lattice_a
D:4:      nicolae_cairo_tiling_large_dashed, layout_basic, serial_park_tiny_2
D:5:      layout_basic, grunt_dithmenos_smoke_and_mirrors,
          gammafunk_ghost_split, hellmonk_guarded_unrand_hermit, uniq_menkaure

Skill      XL: |  1  2  3  4  5 |
---------------+----------------+-----
Armour         | 4 |  4.6
Fighting       | 4 |  4.6
Shields        | 4 |  4.4
Axes           | 3 4 |  4.0
Dodging        | |  0.3
Stealth        | |  0.2

Action                     |  1- 3 |  4- 6 || total
---------------------------+-------+-------++-------
  Melee: War axe           |    80 |    53 ||   133
         Headbutt          |     8 |     4 ||    12
  Throw: Boomerang         |     1 |     2 ||     3
    Use: Scroll            |       |     5 ||     5
         Potion            |       |     1 ||     1
 Armour: Scale mail        |    60 |    39 ||    99
  Dodge: Dodged            |    49 |    24 ||    73
  Block: Buckler           |    21 |    13 ||    34

Table legend: (Time is in decaauts)
 A = Elapsed time spent in this place.
 B = Non-inter-level travel time spent in this place.
 C = Inter-level travel time spent in this place.
 D = Time resting spent in this place.
 E = Time spent auto-exploring this place.
 F = Levels seen in this place.
 G = Mean time per level.
                   A        B        C        D        E       F      G
               +--------+--------+--------+--------+--------+-----+--------+
         Total |   4415 |   4079 |    336 |    632 |      0 |   5 |  883.0 |
       Dungeon |   4415 |   4079 |    336 |    632 |      0 |   5 |  883.0 |
               +--------+--------+--------+--------+--------+-----+--------+

Top non-repeatable levels by time:
     D:3: 1300 daAuts
     D:2: 1116 daAuts
     D:1: 1043 daAuts
     D:4: 800 daAuts
     D:5: 156 daAuts
